 Dungeon Crawl Stone Soup version 0.31-a0-1300-gb6740aa4e6 (webtiles) character file.

Game seed: 14887518409738826829

158 night the Conjurer (level 5, -7/31 HPs)
             Began as an Octopode Conjurer on Dec 18, 2023.
             Killed by divine providence
             ... invoked by an orc priest
              (15 damage)
             ... on level 3 of the Dungeon.
             The game lasted 00:05:15 (2901 turns).

night the Conjurer (Octopode Conjurer)              Turns: 2901, Time: 00:05:16

Health: -7/31      AC:  1    Str:  6    XL:     5   Next: 39%
Magic:  10/10      EV: 13    Int: 23    God:
Gold:   111        SH:  0    Dex: 10    Spells: 4/11 levels left

rFire   . . .        p - +2 dagger (venom)
rCold   . . .        (no shield)
rNeg    . . .        (helmet restricted)
rPois   .            (no amulet)
rElec   .            (no ring)
rCorr   .            (no ring)
SInv    .            (no ring)
Will    .....        (no ring)
Stlth   +++          (no ring)
HPRegen 0.25/turn    (no ring)
MPRegen 0.12/turn    (no ring)
                     (no ring)

%: no passive effects
@: no status effects
A: almost no armour, amphibious, 8 rings, camouflage 1, gelatinous body 1,
(nimble swimmer 1), tentacles
a: no special abilities


You were on level 3 of the Dungeon.
You visited 1 branch of the dungeon, and saw 3 of its levels.

You collected 111 gold pieces.

Inventory:

Hand Weapons
 p - a +2 dagger of venom (weapon)
Missiles
 g - 24 stones
Jewellery
 m - a ring of willpower
 o - a +4 ring of slaying
Scrolls
 d - a scroll of vulnerability {unknown}
 f - 2 scrolls of teleportation {unknown}
 i - a scroll of fog {unknown}
 j - a scroll of blinking {unknown}
 k - 2 scrolls of identify {unknown}
 l - a scroll of amnesia {unknown}
 n - a scroll of noise {unknown}
Potions
 a - a potion of magic
 b - a potion of berserk rage {unknown}
 c - a potion of haste {unknown}
 e - a potion of mutation {unknown}
 h - a potion of lignification {unknown}
 q - a potion of enlightenment {unknown}


   Skills:
 - Level 2.0 Dodging
 - Level 2.6 Stealth
 + Level 3.8 Spellcasting
 + Level 5.3 Conjurations


You had 4 spell levels left.
You knew the following spells:

 Your Spells              Type           Power      Damage    Failure   Level
a - Magic Dart            Conj           100%       1d8       1%          1
b - Searing Ray           Conj           58%        2d6       1%          2
c - Iskenderun's Mystic   Conj/Tloc      16%        2d5       34%         4

Your spell library contained the following spells:

 Spells                   Type           Power      Damage    Failure   Level
 Slow                     Hex            16%        N/A       11%         1
 Dazzling Flash           Conj/Hex       32%        N/A       11%         3
 Confusing Touch          Hex            4%         N/A       32%         3
 Sigil of Binding         Hex            4%         N/A       32%         3
 Vampiric Draining        Necr           4%         2d6       32%         3
 Fulminant Prism          Conj/Hex       8%         3d6       34%         4


Dungeon Overview and Level Annotations

Branches:
Dungeon (3/15)

Altars:

Annotations:
D:1 1 runed translucent door


Innate Abilities, Weirdness & Mutations

You cannot wear most types of armour.
You are amphibious.
You can wear up to eight rings at the same time.
Your skin changes colour to match your surroundings (Stealth+).
Your rubbery body absorbs attacks. (AC +1, EV +1)
((You are camouflaged when in or above water. (Stealth+)))
You have tentacles for arms and can constrict up to eight enemies at once.


Message History

r - Retreat! s - Stop attacking. g - Guard the area. f - Follow me.
Anything else - Cancel.
You shout for attention!
You hear a shout!
Something hits the plant.
The plant begins to die.
You start waiting.
An orc comes into view. It is wielding a +0 club.
Okay, then.
The orc shouts!
You tentacle-slap the orc but do no damage.
You grab the orc.
You constrict the orc, but do no damage.
You hear a shout! x2
The orc hits you with a +0 club.
You tentacle-slap the orc. You squeeze the orc.
The orc is almost dead.
You constrict the orc.
You kill the orc!
You start resting.
You hear a shout!
HP restored.
The orc priest mumbles some strange prayers to Beogh against something.
Beogh smites you!
You see here a +0 club.
The orc priest miscasts a cantrip.
You start resting.
An orc priest is nearby!
Your +2 dagger of venom begins to drip with poison!
p - a +2 dagger of venom (weapon)
You see here a +0 club.
You closely miss the orc priest. Your grab misses the orc priest.
The orc priest mumbles some strange prayers to Beogh against you.
Beogh smites you!
* * * LOW HITPOINT WARNING * * *
You hit the orc priest.
The orc priest is poisoned.
You grab the orc priest.
The orc priest is moderately wounded.
You constrict the orc priest.
The orc priest mumbles some strange prayers to Beogh against you.
Beogh smites you!
You die...

#.............##.##..#
##
#..##.##.##...##..#..#.
#
#.....##.###.######..'.
# ##.#####.#
#.######P.# #.# #.#
#.....#.P.# ## #.< ..#
###..##8..# #. ### ###
##......# #. #o.....#
#. #@##...# #. #..#.P.#
## #####..# # .... #
..#P. # P#o.. # .# .. #
# #


You could see an orc priest (very poisoned).

Vanquished Creatures
  Terence (D:2)
  Robin (D:2)
  3 gnolls (D:3)
  An adder (D:2)
  2 worms (D:2)
  2 dart slugs
  An orc (D:3)
  3 endoplasms
  17 goblins
  7 hobgoblins
  6 jackals
  A kobold (D:1)
  3 quokkas
  4 ball pythons
  7 bats
  4 frilled lizards
  5 rats
68 creatures vanquished.

Notes
Turn   | Place    | Note
-------+----------+-------------------------------------------
     0 | D:1      | night the Octopode Conjurer began the quest for the Orb.
     0 | D:1      | Reached XP level 1. HP: 11/11 MP: 3/3
     0 | D:1      | Noticed a jelly
     1 | D:1      | Found a runed translucent door.
   174 | D:1      | Reached XP level 2. HP: 14/17 MP: 0/5
   934 | D:2      | Learned a level 2 spell: Searing Ray
   943 | D:2      | Reached XP level 3. HP: 19/21 MP: 4/6
  1156 | D:2      | Noticed Terence
  1163 | D:2      | Killed Terence
  1248 | D:2      | Reached XP level 4. HP: 27/27 MP: 6/8
  1253 | D:2      | Learned a level 4 spell: Iskenderun's Mystic Blast
  1791 | D:2      | Reached skill level 5 in Conjurations
  1864 | D:2      | Noticed Robin
  1873 | D:2      | Killed Robin
  2264 | D:3      | Reached XP level 5. HP: 31/31 MP: 6/10
  2901 | D:3      | Killed from afar by an orc priest

Illustrated notes

Levels and vault maps discovered:
D:1:      dpeg_arrival_caged_fury, layout_loops_ring, minmay_hedge_maze,
          minmay_lizard_pond
D:2:      layout_loops_ring, uniq_terence, uniq_robin
D:3:      layout_loops_cross, chequers_ecumenical_altar_lobes

Skill      XL: |  1  2  3  4 |
---------------+-------------+-----
Spellcasting   | 3 |  3.8
Conjurations   | 5 |  5.3
Dodging        | |  2.0
Stealth        | |  2.6

Action                     |  1- 3 |  4- 6 || total
---------------------------+-------+-------++-------
  Melee: Unarmed           |    67 |    30 ||    97
         Tentacles         |    16 |     4 ||    20
         Constrict         |    12 |     9 ||    21
         Dagger            |       |     2 ||     2
   Cast: Magic Dart        |    21 |    40 ||    61
         Searing Ray       |     2 |     5 ||     7
   Stab: Sleeping          |     1 |     2 ||     3
 Armour: Skin              |    28 |    16 ||    44
  Dodge: Dodged            |    63 |    22 ||    85

Table legend: (Time is in decaauts)
 A = Elapsed time spent in this place.
 B = Non-inter-level travel time spent in this place.
 C = Inter-level travel time spent in this place.
 D = Time resting spent in this place.
 E = Time spent auto-exploring this place.
 F = Levels seen in this place.
 G = Mean time per level.
                   A        B        C        D        E       F      G
               +--------+--------+--------+--------+--------+-----+--------+
         Total |   2899 |   2846 |     53 |    460 |   1942 |   3 |  966.3 |
       Dungeon |   2899 |   2846 |     53 |    460 |   1942 |   3 |  966.3 |
               +--------+--------+--------+--------+--------+-----+--------+

Top non-repeatable levels by time:
     D:2: 1270 daAuts
     D:3: 842 daAuts
     D:1: 787 daAuts
